 Dungeon Crawl Stone Soup version 0.31-a0-37-g98a128e1d9 (webtiles) character file.

Game seed: 8225797255953375689

50 subawu the Sneak (level 4, 0/34 HPs)
             Began as a Human Wanderer on May 12, 2023.
             Was a Believer of Nemelex Xobeh.
             Slain by a centaur skeleton (1 damage)
             ... on level 3 of the Dungeon on May 15, 2023.
             The game lasted 00:08:00 (1863 turns).

subawu the Sneak (Human Wanderer)                   Turns: 1863, Time: 00:08:04

Health: 0/34       AC:  4    Str: 13    XL:     4   Next: 4%
Magic:  7/7        EV: 11    Int: 12    God:    Nemelex Xobeh [**....]
Gold:   85         SH:  0    Dex: 14    Spells: 7/7 levels left

rFire   . . .        a - +2 dagger
rCold   . . .        (no shield)
rNeg    . . .        e - +0 leather armour
rPois   .            k - +0 hat
rElec   .            (no cloak)
rCorr   .            c - +0 pair of gloves
SInv    .            (no boots)
Will    .....        (no amulet)
Stlth   ++           (no ring)
HPRegen 0.25/turn    (no ring)
MPRegen 0.10/turn

%: no passive effects
@: no status effects
A: no striking features
a: Renounce Religion, Draw Escape, Draw Destruction, Draw Summoning


You were on level 3 of the Dungeon.
You worshipped Nemelex Xobeh.
Nemelex Xobeh was pleased with you.
You visited 1 branch of the dungeon, and saw 4 of its levels.

You collected 85 gold pieces.

Inventory:

Hand Weapons
 a - a +2 dagger (weapon)
 p - the +4 sling of the Elven Halls {heavy, Will+}
   (You found it on level 3 of the Dungeon)

   Will:      It increases your willpower.
Missiles
 b - a curare-tipped dart (quivered)
Armour
 c - a +0 pair of gloves (worn)
 e - a +0 leather armour (worn)
 f - a +0 leather armour
 k - a +0 hat (worn)
Scrolls
 g - 2 scrolls of vulnerability {unknown}
 h - a scroll of brand weapon {unknown}
 l - a scroll of silence {unknown}
Potions
 i - a potion of lignification {unknown}
 j - 2 potions of brilliance {unknown}
 m - a potion of degeneration {unknown}
 n - a potion of cancellation {unknown}
 o - a potion of heal wounds {unknown}


   Skills:
 + Level 2.3 Fighting
 + Level 2.3 Throwing
 + Level 1.6 Armour
 + Level 2.5 Stealth
 + Level 2.3 Spellcasting
 + Level 1.5 Translocations


You had 7 spell levels left.
You didn't know any spells.
Your spell library contained the following spells:

 Spells                   Type           Power      Damage    Failure   Level
 Blink                    Tloc           10%        N/A       26%         2
 Foxfire                  Conj/Fire      4%         2x1d4     32%         1
 Momentum Strike          Conj/Tloc      6%         3d8       36%         2
 Ensorcelled Hibernation  Hex/Ice        2%         N/A       45%         2
 Passwall                 Tmut/Erth      0%         N/A       45%         2
 Portal Projectile        Hex/Tloc       6%         N/A       58%         3
 Swiftness                Air            1%         N/A       69%         3
 Tukima's Dance           Hex            1%         N/A       69%         3
 Blade Hands              Tmut           0%         N/A       100%        5
 Fireball                 Conj/Fire      0%         3d3       100%        5
 Plasma Beam              Fire/Air       0%         2x1d11    100%        6
 Starburst                Conj/Fire      0%         6d3       100%        6


Dungeon Overview and Level Annotations

Branches:
Dungeon (4/15)
 Temple: D:4-7

Altars:
Nemelex Xobeh


Message History

As you read the scroll of fog, it crumbles to dust.
The scroll dissolves into smoke.
The centaur skeleton barely misses you. x2
The endoplasm barely misses you.
The kobold hits you with a +0 short sword.
The kobold attacks as you move away! The kobold hits you but does no damage.
The centaur skeleton barely misses you. The centaur skeleton kicks you.
The centaur skeleton attacks as you move away!
The centaur skeleton hits you.
* * * LOW HITPOINT WARNING * * *
The centaur skeleton kicks you.
* * * LOW HITPOINT WARNING * * *
The centaur skeleton hits you.
* * * LOW HITPOINT WARNING * * *
The centaur skeleton barely misses you. The centaur skeleton misses you.
The centaur skeleton kicks you but does no damage.
The kobold hits you but does no damage. The endoplasm freezes you.
You are frozen.
* * * LOW HITPOINT WARNING * * *
The kobold closely misses you. The kobold closely misses you.
The centaur skeleton hits you but does no damage.
The centaur skeleton kicks you but does no damage.
The kobold closely misses you.
A dart slug comes into view.
The kobold hits you with a +0 short sword.
* * * LOW HITPOINT WARNING * * *
The centaur skeleton barely misses you. x2
The dart slug launches a dart at you. The slug dart hits you.
* * * LOW HITPOINT WARNING * * *
You closely miss the kobold. The kobold misses you.
You closely miss the kobold.
The centaur skeleton closely misses you.
The centaur skeleton kicks you but does no damage.
The kobold hits you with a +0 short sword.
* * * LOW HITPOINT WARNING * * *
The centaur skeleton hits you.
You die...
Your body disappears without a glow.

..S###..
...................#..P.
........................
..##>#..(.......~~..#...
.##..#.#......~~w~....#
.#...#^#.....≈~~~~....#
...#.#........~~~~....#
.###.#.........J.....#
.>.....#.......K@.#
.###.#.#.......Z..# .#
#)#.#...!......# .#
#.#.##.....?.#.# †#
#...###......#.# .#
#..#§.§§§......## ≈#
##.#.§§§§§........ .##
#.#§§§........### ..#
#.#§§§§§§.....#


You could see a dart slug, an endoplasm, a kobold and a centaur skeleton.

Vanquished Creatures
  An adder (D:4)
  An adder zombie (D:3)
  5 ball pythons
  A bat (D:2)
  6 endoplasms
  3 giant cockroaches
  A goblin (D:1)
  6 hobgoblins (D:1)
  A quokka (D:1)
  3 frilled lizards
  A giant cockroach zombie (D:3)
  3 kobolds
  3 rats (D:1)
35 creatures vanquished.

Notes
Turn   | Place    | Note
-------+----------+-------------------------------------------
     0 | D:1      | subawu the Human Wanderer began the quest for the Orb.
     0 | D:1      | subawu set off with the following items: a +2 dagger, a
                  | curare-tipped dart, a +0 pair of gloves, a scroll of fog, a
                  | +0 leather armour; and the following spells available to
                  | memorise: Blink, Momentum Strike.
     0 | D:1      | Reached XP level 1. HP: 16/16 MP: 3/3
   293 | D:1      | Reached XP level 2. HP: 19/22 MP: 5/5
   348 | D:1      | Found a faded altar of an unknown god.
   361 | D:1      | Prayed at the altar of an unknown god.
   361 | D:1      | Became a worshipper of Nemelex Xobeh the Trickster
   361 | D:1      | Reached * piety under Nemelex Xobeh
   427 | D:1      | Upgraded the game from 0.31-a0-18-gea43df2a32 to
                  | 0.31-a0-37-g98a128e1d9
   511 | D:1      | Received a gift from Nemelex Xobeh
   650 | D:1      | Reached XP level 3. HP: 22/27 MP: 6/6
  1374 | D:2      | Reached ** piety under Nemelex Xobeh
  1447 | D:2      | Received a gift from Nemelex Xobeh
  1619 | D:2      | You fall into a shaft and drop 2 floors!
  1737 | D:3      | Reached XP level 4. HP: 34/34 MP: 7/7
  1760 | D:3      | Identified the +4 sling of the Elven Halls {heavy, Will+}
  1863 | D:3      | HP: 1/34 [kobold/+0 short sword (2)]
  1863 | D:3      | Slain by a centaur skeleton

Illustrated notes

Levels and vault maps discovered:
D:1:      beargit_arrival_diablo_church, layout_loops_corners,
          ebering_ecumenical_altar_rust
D:2:      layout_loops_cross, corner_web_ring
D:3:      layout_rooms, mainiacjoe_overflow_cross_hatched,
          nicolae_ashenzari_skybound, serial_undead, serial_undead_f,
          serial_undead_b, serial_undead_f, serial_undead_d, serial_undead_f,
          serial_undead_b
D:4:      layout_gridville, kb_xom_exploding_sheep, vehumet_altar_wand_db,
          serial_shops, shop, uniq_sigmund, uniq_eustachio

Action                     |  1- 3 |  4- 6 || total
---------------------------+-------+-------++-------
  Melee: Dagger            |   131 |    11 ||   142
         Punch             |     1 |       ||     1
    Use: Scroll            |       |     1 ||     1
   Stab: Sleeping          |     2 |       ||     2
 Armour: Leather armour    |    70 |    15 ||    85
  Dodge: Dodged            |   109 |    23 ||   132

Table legend: (Time is in decaauts)
 A = Elapsed time spent in this place.
 B = Non-inter-level travel time spent in this place.
 C = Inter-level travel time spent in this place.
 D = Time resting spent in this place.
 E = Time spent auto-exploring this place.
 F = Levels seen in this place.
 G = Mean time per level.
                   A        B        C        D        E       F      G
               +--------+--------+--------+--------+--------+-----+--------+
         Total |   1864 |   1845 |     19 |    130 |    167 |   4 |  466.0 |
       Dungeon |   1864 |   1845 |     19 |    130 |    167 |   4 |  466.0 |
               +--------+--------+--------+--------+--------+-----+--------+

Top non-repeatable levels by time:
     D:1: 1358 daAuts
     D:2: 260 daAuts
     D:3: 162 daAuts
     D:4: 83 daAuts
